MLB
WASHINGTON NATIONALS @ OAKLAND ATHLETICS
04/15/2098
 
TOP OF THE 1ST
Washington Nationals batting - Pitching for Oakland Athletics : RHP Carlos Rosas
Pitching: RHP Carlos Rosas
Batting: RHB Luis Rivera 0-0: Called Strike
0-1: Ground out 4-3 (Groundball, 4D, EV 96.3 MPH)
Batting: SHB Kyle Spencer 0-0: Ball
1-0: Fly out, F5 (Popup, 56, EV 62.5 MPH)
Batting: LHB Bubba Main 0-0: Ball
1-0: Ball
2-0: Foul Ball, location: 2F
2-1: Ground out 6-3 (Groundball, 6, EV 78.1 MPH)
Top of the 1st over - 0 runs, 0 hits, 0 errors, 0 left on base; Washington 0 - Oakland 0
BOTTOM OF THE 1ST
Oakland Athletics batting - Pitching for Washington Nationals : RHP Kyle Barr
Pitching: RHP Kyle Barr
Batting: LHB Ryan Tipton 0-0: Swinging Strike
0-1: Swinging Strike
0-2: Ball
1-2: Foul Ball, location: 3DF
1-2: Foul Ball, location: 9LSF
1-2: Foul Ball, location: 5FF
1-2: Strikes out swinging, 2-3 out at first.
Batting: RHB Ben Celeste 0-0: Foul Ball, location: 7LMF
0-1: Ball
1-1: Ball
2-1: Called Strike
2-2: Ball
3-2: Foul Ball, location: 5SF
3-2: Base on Balls
Batting: LHB Pat Wilson 0-0: Foul Ball, location: 7LMF
0-1: Ball
1-1: Called Strike
Ben Celeste steals 2nd base
1-2: SINGLE (Groundball, 6, EV 102.5 MPH)
Ben Celeste to third
Batting: LHB Ivan Suarez 0-0: Called Strike
0-1: Swinging Strike
0-2: Foul Ball, location: 2F
0-2: Ball
Wild Pitch!
Ben Celeste scores
Pat Wilson to second
1-2: Ball
2-2: Strikes out swinging
Batting: RHB Randy Fowler 0-0: SINGLE (Flyball, 5D, EV 91.9 MPH)
Pat Wilson to third
Runner from 3rd tries for Home, SAFE, throw by LF to home
Batting: RHB Joey George 0-0: Ball
1-0: Fielders Choice at 2nd, 6-4 (Groundball, 56, EV 110.0 MPH)
Bottom of the 1st over - 2 runs, 2 hits, 0 errors, 1 left on base; Washington 0 - Oakland 2
TOP OF THE 2ND
Washington Nationals batting - Pitching for Oakland Athletics : RHP Carlos Rosas
Batting: RHB Jon Young 0-0: Fly out, F8 (Flyball, 8RD, EV 96.3 MPH)
Batting: LHB Jose Lara 0-0: Ball
1-0: Ball
2-0: Ball
3-0: Called Strike
3-1: Ground out 6-3 (Groundball, 6S, EV 91.9 MPH)
Batting: RHB Jose Orozco 0-0: Hit by Pitch
Batting: RHB Isaiah Williams 0-0: Called Strike
0-1: Foul Ball, location: 9LSFF
0-2: Ground out 6-3 (Groundball, 56, EV 106.3 MPH)
Top of the 2nd over - 0 runs, 0 hits, 0 errors, 1 left on base; Washington 0 - Oakland 2
BOTTOM OF THE 2ND
Oakland Athletics batting - Pitching for Washington Nationals : RHP Kyle Barr
Batting: RHB Jerome Bathgate 0-0: Swinging Strike
0-1: Called Strike
0-2: Ball
1-2: Ball
2-2: Strikes out swinging
Batting: LHB Gene Del Vecchio 0-0: Called Strike
0-1: Foul Ball, location: 3SF
0-2: Ball
1-2: Strikes out swinging
Batting: RHB Tom Karr 0-0: Called Strike
0-1: Called Strike
0-2: SINGLE (Line Drive, 7S, EV 100.0 MPH)
Batting: LHB Ryan Tipton 0-0: SINGLE (Groundball, 5D, EV 100.6 MPH)
Tom Karr to second
Batting: RHB Ben Celeste 0-0: Called Strike
0-1: Foul Ball, location: 2F
0-2: Ball
1-2: Ground out 5-3 (Groundball, 56S, EV 90.0 MPH)
Bottom of the 2nd over - 0 runs, 2 hits, 0 errors, 2 left on base; Washington 0 - Oakland 2
TOP OF THE 3RD
Washington Nationals batting - Pitching for Oakland Athletics : RHP Carlos Rosas
Batting: LHB Sean Weaver 0-0: Foul Ball, location: 9LSF
0-1: Called Strike
0-2: Ball
1-2: Foul Ball, location: 9LDF
1-2: Ball
2-2: Foul Ball, location: 2RF
2-2: Strikes out swinging
Batting: RHB Mario Garcia 0-0: Ball
1-0: Called Strike
1-1: Fly out, F8 (Flyball, 8LM, EV 93.8 MPH)
Batting: RHB Luis Rivera 0-0: Ball
1-0: Called Strike
1-1: Ball
2-1: Called Strike
2-2: Foul Ball, location: 2F
2-2: Foul Ball, location: 9LDF
2-2: Fly out, F8 (Flyball, 8LM, EV 85.0 MPH)
Top of the 3rd over - 0 runs, 0 hits, 0 errors, 0 left on base; Washington 0 - Oakland 2
BOTTOM OF THE 3RD
Oakland Athletics batting - Pitching for Washington Nationals : RHP Kyle Barr
Batting: LHB Pat Wilson 0-0: Foul Ball, location: 7LDF
0-1: Swinging Strike
0-2: Ball
1-2: Strikes out swinging
Batting: LHB Ivan Suarez 0-0: Ball
1-0: Called Strike
1-1: Ball
2-1: Called Strike
2-2: Ball
3-2: Ground out 4-3 (Groundball, 4, EV 105.6 MPH)
Batting: RHB Randy Fowler 0-0: Fly out, F8 (Flyball, 8RXD, EV 102.5 MPH)
Bottom of the 3rd over - 0 runs, 0 hits, 0 errors, 0 left on base; Washington 0 - Oakland 2
TOP OF THE 4TH
Washington Nationals batting - Pitching for Oakland Athletics : RHP Carlos Rosas
Batting: SHB Kyle Spencer 0-0: Ball
1-0: Fly out, F8 (Line Drive, 8LM, EV 96.3 MPH)
Batting: LHB Bubba Main 0-0: Fly out, F7 (Flyball, 7LM, EV 86.9 MPH)
Batting: RHB Jon Young 0-0: Called Strike
0-1: Swinging Strike
0-2: Foul Ball, location: 7LSFF
0-2: Ball
1-2: Ball
2-2: Ball
3-2: Strikes out swinging
Top of the 4th over - 0 runs, 0 hits, 0 errors, 0 left on base; Washington 0 - Oakland 2
BOTTOM OF THE 4TH
Oakland Athletics batting - Pitching for Washington Nationals : RHP Kyle Barr
Batting: RHB Joey George 0-0: Ground out 4-3 (Groundball, 34D, EV 80.6 MPH)
Batting: RHB Jerome Bathgate 0-0: Ball
1-0: Called Strike
1-1: Ball
2-1: Fly out, F9 (Flyball, 9, EV 100.6 MPH)
Batting: LHB Gene Del Vecchio 0-0: Called Strike
0-1: Ground out 4-3 (Groundball, 4, EV 105.6 MPH)
Bottom of the 4th over - 0 runs, 0 hits, 0 errors, 0 left on base; Washington 0 - Oakland 2
TOP OF THE 5TH
Washington Nationals batting - Pitching for Oakland Athletics : RHP Carlos Rosas
Batting: LHB Jose Lara 0-0: Called Strike
0-1: Ball
1-1: Ball
2-1: Swinging Strike
2-2: Ball
3-2: Strikes out swinging
Batting: RHB Jose Orozco 0-0: Ball
1-0: Called Strike
1-1: Foul Ball, location: 2F
1-2: Strikes out swinging
Batting: RHB Isaiah Williams 0-0: Called Strike
0-1: Ground out 6-3 (Groundball, 6, EV 91.9 MPH)
Top of the 5th over - 0 runs, 0 hits, 0 errors, 0 left on base; Washington 0 - Oakland 2
BOTTOM OF THE 5TH
Oakland Athletics batting - Pitching for Washington Nationals : RHP Kyle Barr
Batting: RHB Tom Karr 0-0: Ball
1-0: SINGLE (Groundball, 4MD, EV 95.0 MPH)
Batting: LHB Ryan Tipton 0-0: Ball
1-0: Sac Bunt to P - play at first, batter OUT! 1-3
Tom Karr to second
Batting: RHB Ben Celeste 0-0: Called Strike
0-1: Ground out 6-3 (Groundball, 6, EV 103.8 MPH)
Tom Karr to third
Batting: LHB Pat Wilson 0-0: Foul Ball, location: 2F
0-1: Foul Ball, location: 2F
0-2: Ball
1-2: Fly out, F7 (Flyball, 78M, EV 98.8 MPH)
Bottom of the 5th over - 0 runs, 1 hit, 0 errors, 1 left on base; Washington 0 - Oakland 2
TOP OF THE 6TH
Washington Nationals batting - Pitching for Oakland Athletics : RHP Carlos Rosas
Batting: LHB Sean Weaver 0-0: Fly out, F6 (Popup, 6S, EV 74.4 MPH)
Batting: RHB Mario Garcia 0-0: Called Strike
0-1: Foul Ball, location: 2F
0-2: Ball
1-2: Foul Ball, location: 23F
1-2: Fly out, F4 (Popup, 34S, EV 77.5 MPH)
Batting: RHB Luis Rivera 0-0: Ball
1-0: Foul Ball, location: 2F
1-1: Foul Ball, location: 9LSF
1-2: Ground out 4-3 (Groundball, 34, EV 82.5 MPH)
Top of the 6th over - 0 runs, 0 hits, 0 errors, 0 left on base; Washington 0 - Oakland 2
BOTTOM OF THE 6TH
Oakland Athletics batting - Pitching for Washington Nationals : RHP Kyle Barr
Pitching: LHP Carlos Jimenez
Batting: LHB Ivan Suarez 0-0: Called Strike
0-1: Ball
1-1: Ball
2-1: Foul Ball, location: 2F
2-2: Foul Ball, location: 9LSF
2-2: Ball
3-2: Foul Ball, location: 2F
3-2: SINGLE (Line Drive, 4MD, EV 107.5 MPH)
Batting: RHB Randy Fowler 0-0: Ball
1-0: Called Strike
1-1: Foul Ball, location: 3F
1-2: Ball
2-2: Strikes out swinging
Batting: RHB Joey George 0-0: Ball
1-0: SINGLE (Line Drive, 5D, EV 98.8 MPH)
Ivan Suarez to second
Batting: RHB Jerome Bathgate 0-0: Called Strike
0-1: Ball
1-1: Ball
2-1: Foul Ball, location: 3F
2-2: Foul Ball, location: 23F
2-2: Ball
3-2: Foul Ball, location: 2F
3-2: Foul Ball, location: 25F
3-2: Foul Ball, location: 2F
3-2: Fielders Choice at 2nd, 4-6 (Groundball, 4, EV 77.5 MPH)
Ivan Suarez to third
Batting: LHB Gene Del Vecchio 0-0: Ball
1-0: Ball
2-0: Swinging Strike
2-1: Foul Ball, location: 3F
2-2: Ball
3-2: Base on Balls
Jerome Bathgate to second
Pitching: RHP Liam Dorfman
Batting: RHB Tom Karr 0-0: Ground out 4-3 (Groundball, 4, EV 86.9 MPH)
Bottom of the 6th over - 0 runs, 2 hits, 0 errors, 3 left on base; Washington 0 - Oakland 2
TOP OF THE 7TH
Washington Nationals batting - Pitching for Oakland Athletics : RHP Carlos Rosas
Batting: SHB Kyle Spencer 0-0: Reached on error, E4 (Groundball, 4, EV 102.5 MPH)
Batting: LHB Bubba Main 0-0: Called Strike
0-1: Foul Ball, location: 25F
0-2: Foul Ball, location: 7LSF
0-2: Strikes out swinging
Batting: RHB Jon Young 0-0: Called Strike
0-1: Called Strike
0-2: Ball
1-2: Fly out, F9 (Flyball, 9D, EV 101.3 MPH)
Batting: LHB Jose Lara 0-0: Called Strike
0-1: Swinging Strike
0-2: Ball
1-2: Ball
2-2: Foul Ball, location: 2F
2-2: Foul Ball, location: 9LDF
2-2: Foul Ball, location: 5FF
2-2: Strikes out swinging
Top of the 7th over - 0 runs, 0 hits, 1 error, 1 left on base; Washington 0 - Oakland 2
BOTTOM OF THE 7TH
Oakland Athletics batting - Pitching for Washington Nationals : RHP Liam Dorfman
Batting: LHB Ryan Tipton 0-0: Ball
1-0: Foul Ball, location: 3F
1-1: Foul Ball, location: 3FF
1-2: SINGLE (Groundball, 4S, EV 63.8 MPH) (infield hit)
Batting: RHB Ben Celeste 0-0: Ball
1-0: Ball
Ryan Tipton is caught stealing 2nd base 2-4
2-0: Ball
3-0: Called Strike
3-1: Base on Balls
Batting: LHB Pat Wilson 0-0: SINGLE (Groundball, 6MD, EV 104.4 MPH)
Ben Celeste to second
Batting: LHB Ivan Suarez 0-0: Called Strike
0-1: Called Strike
0-2: Ball
1-2: Foul Ball, location: 2F
1-2: SINGLE (Flyball, 9LS, EV 95.6 MPH)
Ben Celeste to third
Pat Wilson to second
Batting: RHB Randy Fowler 0-0: Grounds into fielders choice 6-2 (Groundball, 6, EV 79.4 MPH)
Pat Wilson to third
Ivan Suarez to second
Batting: RHB Joey George 0-0: Called Strike
0-1: Ball
1-1: Swinging Strike
1-2: SINGLE (Line Drive, 9LS, EV 108.8 MPH)
Pat Wilson scores
Ivan Suarez to third
Randy Fowler to second
Runner from 3rd tries for Home, SAFE, throw by RF to home
Batting: RHB Jerome Bathgate 0-0: Called Strike
0-1: Ball
1-1: Ball
2-1: Ball
3-1: Foul Ball, location: 9LDF
3-2: Foul Ball, location: 23F
3-2: Base on Balls
Randy Fowler to third
Joey George to second
Batting: LHB Gene Del Vecchio 0-0: Called Strike
0-1: Ball
1-1: Ball
2-1: Fly out, F9 (Flyball, 89S, EV 88.8 MPH)
Bottom of the 7th over - 2 runs, 4 hits, 0 errors, 3 left on base; Washington 0 - Oakland 4
TOP OF THE 8TH
Washington Nationals batting - Pitching for Oakland Athletics : RHP Carlos Rosas
Batting: RHB Jose Orozco 0-0: Ball
1-0: Called Strike
1-1: Foul Ball, location: 7LDF
1-2: Foul Ball, location: 7LMF
1-2: Ball
2-2: Fly out, F7 (Flyball, 78M, EV 90.0 MPH)
Batting: RHB Isaiah Williams 0-0: Ball
1-0: Foul Ball, location: 5SF
1-1: Foul Ball, location: 23F
1-2: SINGLE (Line Drive, 89S, EV 95.6 MPH)
Pitching: RHP Jim Watson
Batting: LHB Sean Weaver 0-0: Ball
1-0: Swinging Strike
1-1: Grounds into double play, 4-6-3 (Groundball, 4, EV 95.0 MPH)
Top of the 8th over - 0 runs, 1 hit, 0 errors, 0 left on base; Washington 0 - Oakland 4
BOTTOM OF THE 8TH
Oakland Athletics batting - Pitching for Washington Nationals : RHP Liam Dorfman
Batting: RHB Tom Karr 0-0: Foul Ball, location: 5FF
0-1: Foul Ball, location: 2F
0-2: Fly out, F3 (Line Drive, 34, EV 71.9 MPH)
Pitching: RHP Gene Bowman
Batting: LHB Ryan Tipton 0-0: Ball
1-0: Called Strike
1-1: Swinging Strike
1-2: Strikes out looking
Batting: RHB Ben Celeste 0-0: Ball
1-0: Swinging Strike
1-1: Swinging Strike
1-2: Ground out 6-3 (Groundball, 6, EV 110.0 MPH)
Bottom of the 8th over - 0 runs, 0 hits, 0 errors, 0 left on base; Washington 0 - Oakland 4
TOP OF THE 9TH
Washington Nationals batting - Pitching for Oakland Athletics : RHP Jim Watson
Batting: RHB Mario Garcia 0-0: Ball
1-0: Foul Ball, location: 2F
1-1: Ball
2-1: Foul Ball, location: 5F
2-2: Strikes out swinging, 2-3 out at first.
Batting: RHB Luis Rivera 0-0: SINGLE (Groundball, 34D, EV 105.0 MPH)
Batting: SHB Kyle Spencer 0-0: Grounds into double play, 6-4-3 (Groundball, 6, EV 90.6 MPH)
Top of the 9th over - 0 runs, 1 hit, 0 errors, 0 left on base; Washington 0 - Oakland 4
Monday, April 1st , 2024 - OOTP Baseball 24.11 Build 85